 Dungeon Crawl Stone Soup version 0.27-a0-419-g7a85846853 (webtiles) character file.

Game seed: 5441856308054055502

11 Chiseanne the Grave Robber (level 2, 11/22 HPs)
             Began as a Demonspawn Wanderer on Feb 26, 2021.
             Quit the game on level 1 of the Dungeon.
             The game lasted 00:01:05 (451 turns).

Chiseanne the Grave Robber (Demonspawn Wanderer)     Turns: 451, Time: 00:01:05

Health: 11/22      AC:  3    Str:  8    XL:     2   Next: 13%
Magic:  5/5        EV: 10    Int: 16    God:
Gold:   10         SH:  0    Dex: 13    Spells: 4/5 levels left

rFire    . . .     SeeInvis .   f - +0 short sword
rCold    . . .     Faith    .   (no shield)
rNeg     . . .     Spirit   .   a - +0 leather armour
rPois    .         Reflect  .   (helmet restricted)
rElec    .         Harm     .   (no cloak)
rCorr    .         Rampage  .   (no gloves)
Will     .....                  (no boots)
Stlth    +.........             (no amulet)
HPRegen  0.07/turn              (no ring)
MPRegen  0.09/turn              (no ring)

@: no status effects
A: antennae 1
a: no special abilities


You were on level 1 of the Dungeon.
You visited 1 branch of the dungeon, and saw 1 of its levels.

You collected 10 gold pieces.

Inventory:

Hand Weapons
 f - a +0 short sword (weapon)
Missiles
 b - 12 stones (quivered)
Armour
 a - a +0 leather armour (worn)
Scrolls
 c - a scroll of teleportation
 g - a scroll of identify {unknown}
Potions
 d - a potion of curing {unknown}
 e - a potion of degeneration {unknown}


   Skills:
 * Level 2.2 Fighting
 * Level 0.5 Armour
 - Level 1.0 Stealth
 - Level 1.0 Shields
 * Level 2.1 Spellcasting
 * Level 0.6 Conjurations
 - Level 3.2 Necromancy
 - Level 1.0 Evocations


You had 4 spell levels left.
You knew the following spells:

 Your Spells              Type           Power        Failure   Level
a - Magic Dart            Conj           12%          22%         1

Your spell library contained the following spells:

 Spells                   Type           Power        Failure   Level
 Foxfire                  Conj/Fire      8%           26%         1
 Blink                    Tloc           N/A          41%         2
 Call Imp                 Summ           1%           41%         2
 Slow                     Hex            1%           41%         2
 Conjure Flame            Conj/Fire      2%           58%         3
 Mephitic Cloud           Conj/Pois/Air  2%           61%         3
 Inner Flame              Hex/Fire       1%           65%         3


Dungeon Overview and Level Annotations

Branches:
Dungeon (1/15)

Altars:


Innate Abilities, Weirdness & Mutations

You have a pair of small antennae on your head.


Message History

You closely miss the kobold.
The kobold is severely wounded.
The kobold barely misses you.
You hit the kobold.
You kill the kobold!
You hit the ooze but do no damage. The ooze barely misses you.
You hit the ooze.
The ooze is moderately wounded.
The ooze hits you.
You hit the ooze.
The ooze is heavily wounded.
The ooze hits you.
You are too injured to fight recklessly!
You are too injured to fight recklessly!
You are too injured to fight recklessly!
You are too injured to fight recklessly!
You are too injured to fight recklessly!
You are too injured to fight recklessly!
You are too injured to fight recklessly!
You are too injured to fight recklessly!
You are too injured to fight recklessly!
You are too injured to fight recklessly!
You are too injured to fight recklessly!
You are too injured to fight recklessly!
You are too injured to fight recklessly!
You are too injured to fight recklessly!
You are too injured to fight recklessly!
You are too injured to fight recklessly!
You are too injured to fight recklessly!
You are too injured to fight recklessly!
You are too injured to fight recklessly!
You hit the ooze.
The ooze is almost dead.
The ooze closely misses you.
You hit the ooze.
You kill the ooze!
You have reached level 2!
Your demonic ancestry asserts itself...
A pair of antennae grows on your head!
Are you sure you want to abandon this character and quit the game? (Confirm with "yes".)

#.#.#.#†# #.#.#
#...).#.#####.#.##
.##.#............#
....#.######.##..#
..........## #..#
....#.###.# ##..#
....#.# #...#
....#.### #.#.#
#.......# #.#@#
#.....#.# #.#.#
..#####.# ..#.#
....###.####.#.#.#
#..............#.#
..#.....########.#
#.....[....... ..#
##################
.................#


There were no monsters in sight!

Vanquished Creatures
  An ooze (D:1)
  2 bats (D:1)
  A goblin (D:1)
  2 kobolds (D:1)
6 creatures vanquished.

Notes
Turn   | Place    | Note
-------+----------+-------------------------------------------
     0 | D:1      | Chiseanne the Demonspawn Wanderer began the quest for the
                  | Orb.
     0 | D:1      | Chiseanne set off with the following items: a +0 dagger, a
                  | scroll of teleportation, a +0 robe; and the following
                  | spells available to memorise: Foxfire, Magic Dart, Blink,
                  | Call Imp, Slow, Conjure Flame, Inner Flame, Mephitic Cloud
     0 | D:1      | Reached XP level 1. HP: 16/16 MP: 3/3
     3 | D:1      | Learned a level 1 spell: Magic Dart
   451 | D:1      | Gained mutation: You have a pair of small antennae on your
                  | head. [demonic ancestry]
   451 | D:1      | Reached XP level 2. HP: 11/22 MP: 5/5
   451 | D:1      | Quit the game

Illustrated notes

Levels and vault maps discovered:
D:1:      lemuel_arrival_muddy, layout_basic

Action                   || total
-------------------------++-------
Melee: Short sword       ||    32
       Dagger            ||     3
 Stab: Sleeping          ||     1
Armor: Leather armour    ||     7
       Robe              ||     4
Dodge: Dodged            ||    17

Table legend: (Time is in decaauts)
 A = Elapsed time spent in this place.
 B = Non-inter-level travel time spent in this place.
 C = Inter-level travel time spent in this place.
 D = Time resting spent in this place.
 E = Time spent auto-exploring this place.
 F = Levels seen in this place.
 G = Mean time per level.
                   A        B        C        D        E       F      G
               +--------+--------+--------+--------+--------+-----+--------+
         Total |    453 |    453 |      0 |    143 |    217 |   1 |  453.0 |
       Dungeon |    453 |    453 |      0 |    143 |    217 |   1 |  453.0 |
               +--------+--------+--------+--------+--------+-----+--------+

Top non-repeatable levels by time:
     D:1: 453 daAuts
